 Dungeon Crawl Stone Soup version 0.30.0-18-gc0e69614cb (webtiles) character file.

Game seed: 9542393232839097980

70 zazu2006 the Covered (level 4, 0/32 HPs)
             Began as a Gnoll Wanderer on May 23, 2023.
             Slain by Grinder (1 damage)
             ... on level 3 of the Dungeon.
             The game lasted 00:04:11 (1954 turns).

zazu2006 the Covered (Gnoll Wanderer)               Turns: 1954, Time: 00:04:12

Health: 0/32       AC:  6    Str: 13    XL:     4   Next: 22%
Magic:  8/8        EV: 11    Int: 14    God:
Gold:   86         SH:  0    Dex:  9    Spells: 8/9 levels left

rFire   + . .        n - +0 flail (venom)
rCold   + . .        (no shield)
rNeg    . . .        c - +0 ring mail
rPois   +            (no helmet)
rElec   +            (no cloak)
rCorr   +            (no gloves)
SInv    .            (no boots)
Will    .....        (no amulet)
Stlth   +            (no ring)
HPRegen 0.25/turn    (no ring)
MPRegen 0.11/turn

%: no passive effects
@: resistant, attractive, flying, hasted, very quick
A: fangs 1, strong nose, distributed training
a: no special abilities


You were on level 3 of the Dungeon.
You visited 1 branch of the dungeon, and saw 3 of its levels.

You collected 86 gold pieces.

Inventory:

Hand Weapons
 a - a +0 club
 n - a +0 flail of venom (weapon)
Armour
 c - a +0 ring mail (worn)
 g - a +2 chain mail of positive energy
Scrolls
 b - 2 scrolls of vulnerability
 d - a scroll of fog {unknown}
 f - a scroll of butterflies {unknown}
 h - a scroll of immolation {unknown}
 i - 5 scrolls of identify {unknown}
 k - a scroll of teleportation {unknown}
Potions
 e - a potion of haste
 l - 2 potions of attraction
 p - a potion of curing {unknown}


   Skills:
 + Level 1.1 Fighting
 + Level 1.1 Short Blades
 + Level 1.1 Long Blades
 + Level 1.1 Axes
 + Level 1.1 Maces & Flails
 + Level 1.1 Polearms
 + Level 1.1 Staves
 + Level 1.1 Ranged Weapons
 + Level 1.1 Throwing
 + Level 6.6 Armour
 + Level 2.7 Dodging
 + Level 1.1 Stealth
 + Level 1.1 Shields
 + Level 1.1 Unarmed Combat
 + Level 3.0 Spellcasting
 + Level 0.9 Conjurations
 + Level 0.9 Hexes
 + Level 0.9 Summonings
 + Level 5.4 Necromancy
 + Level 0.9 Translocations
 + Level 3.8 Transmutations
 + Level 0.9 Fire Magic
 + Level 0.9 Ice Magic
 + Level 0.9 Air Magic
 + Level 0.9 Earth Magic
 + Level 0.9 Poison Magic
 + Level 1.2 Invocations
 + Level 1.1 Evocations


You had 8 spell levels left.
You knew the following spells:

 Your Spells              Type           Power      Damage    Failure   Level
a - Necrotise             Necr           68%        1d7       4%          1

Your spell library contained the following spells:

 Spells                   Type           Power      Damage    Failure   Level
 Beastly Appendage        Tmut           24%        N/A       9%          1
 Kiss of Death            Conj/Necr      44%        2d8       11%         1
 Freeze                   Ice            16%        1d4       28%         1
 Ignite Poison            Fire/Tmut/Pois 7%         N/A       50%         3
 Frozen Ramparts          Ice            8%         1d2       63%         3
 Hailstorm                Conj/Ice       4%         3d4       63%         3
 Anguish                  Hex/Necr       5%         N/A       73%         4


Dungeon Overview and Level Annotations

Branches:
Dungeon (3/15)

Altars:
Gozag
Kikubaaqudgha

Annotations:
D:3 Grinder


Innate Abilities, Weirdness & Mutations

You have very sharp teeth.
Your uncanny sense of smell can sniff out nearby items.
Your experience applies equally to all skills.


Message History

You suddenly lose the ability to move!
Grinder blinks!
Grinder is attracted toward you. Grinder hits you.
You writhe in agony.
Grinder says, "FISH!"
Grinder hits you.
You writhe in agony.
Grinder hits you.
You can move again.
Unknown command.
You hit Grinder but do no damage.
Grinder is heavily wounded.
Grinder gestures at you.
You barely resist. You barely miss Grinder.
Grinder is heavily wounded.
Grinder closely misses you.
You hit Grinder.
Grinder is severely wounded.
Grinder barely misses you.
You closely miss Grinder.
Grinder is severely wounded.
Grinder hits you but does no damage.
You sock Grinder!
Grinder is almost dead.
Grinder gestures at you. Pain shoots through your body!
* * * LOW HITPOINT WARNING * * *
You barely miss Grinder. Your bite misses Grinder.
Grinder is almost dead.
You hit Grinder but do no damage.
Grinder is poisoned.
Grinder is almost dead.
Grinder hits you.
* * * LOW HITPOINT WARNING * * *
You writhe in agony.
* * * LOW HITPOINT WARNING * * *
You barely miss Grinder.
Grinder is almost dead.
Grinder hits you!
* * * LOW HITPOINT WARNING * * *
You writhe in agony.
You die...

#### #.................
.....##...(.............
#.....#.........###.....
................# #.....
.......####.##### ###...
.>..........# ∆.....
#.......#...######......
...................##.##
......5@#.#######...#.#.
..........# ... .#...(.
............. .. .##...#
##...##......##. ...._..
#### #.#.......#.##...#
..#.####..<.#. . .###.#
#....)Z.# ## #.#
#..##..## ...# #5..


You could see Grinder (very poisoned).

Vanquished Creatures
  2 gnolls (D:2)
  An adder (D:2)
  2 dart slugs
  An orc (D:3)
  5 ball pythons
  A giant cockroach (D:2)
  2 goblins
  A hobgoblin (D:1)
  4 jackals (D:2)
  5 bats
  5 frilled lizards
  4 kobolds
  5 rats
38 creatures vanquished.

Vanquished Creatures (collateral kills)
  A dart slug (D:1)
1 creature vanquished.

Grand Total: 39 creatures vanquished

Notes
Turn   | Place    | Note
-------+----------+-------------------------------------------
     0 | D:1      | zazu2006 the Gnoll Wanderer began the quest for the Orb.
     0 | D:1      | zazu2006 set off with the following items: a +0 club, a
                  | scroll of vulnerability, a +0 ring mail; and the following
                  | spells available to memorise: Necrotise, Beastly Appendage,
                  | Kiss of Death, Ignite Poison, Anguish.
     0 | D:1      | Reached XP level 1. HP: 13/13 MP: 4/4
     2 | D:1      | Learned a level 1 spell: Necrotise
   244 | D:1      | Reached XP level 2. HP: 19/19 MP: 3/5
   731 | D:2      | Found an ancient bone altar of Kikubaaqudgha.
   942 | D:2      | Reached XP level 3. HP: 25/25 MP: 5/7
  1223 | D:2      | Reached skill level 1 in Invocations
  1439 | D:2      | Reached skill level 1 in Fighting
  1439 | D:2      | Reached skill level 1 in Short Blades
  1439 | D:2      | Reached skill level 1 in Long Blades
  1439 | D:2      | Reached skill level 1 in Axes
  1439 | D:2      | Reached skill level 1 in Maces & Flails
  1439 | D:2      | Reached skill level 1 in Polearms
  1439 | D:2      | Reached skill level 1 in Staves
  1439 | D:2      | Reached skill level 1 in Ranged Weapons
  1439 | D:2      | Reached skill level 1 in Throwing
  1439 | D:2      | Reached skill level 1 in Stealth
  1439 | D:2      | Reached skill level 1 in Shields
  1439 | D:2      | Reached skill level 1 in Unarmed Combat
  1439 | D:2      | Reached skill level 1 in Evocations
  1714 | D:2      | Reached XP level 4. HP: 32/32 MP: 5/8
  1827 | D:3      | Noticed Grinder
  1870 | D:3      | Found an opulent altar of Gozag.
  1914 | D:3      | Paralysed by Grinder for 3 turns
  1929 | D:3      | Paralysed by Grinder for 2 turns
  1942 | D:3      | Paralysed by Grinder for 4 turns
  1954 | D:3      | HP: 1/32 [Grinder (7)]
  1954 | D:3      | Slain by Grinder

Illustrated notes

Levels and vault maps discovered:
D:1:      dpeg_arrival_more_subterranean_lakeside_camping, layout_rooms
D:2:      layout_basic, basic_altar
D:3:      layout_rooms, mainiacjoe_overflow_small_starburst, uniq_grinder,
          uniq_ijyb

Skill      XL: |  1  2  3 |
---------------+----------+-----
Invocations    | 1 |  1.2
Fighting       | 1 |  1.1
Short Blades   | 1 |  1.1
Long Blades    | 1 |  1.1
Axes           | 1 |  1.1
Maces & Flails | 1 |  1.1
Polearms       | 1 |  1.1
Staves         | 1 |  1.1
Ranged Weapons | 1 |  1.1
Throwing       | 1 |  1.1
Stealth        | 1 |  1.1
Shields        | 1 |  1.1
Unarmed Combat | 1 |  1.1
Evocations     | 1 |  1.1
Spellcasting   | 3 |  3.0
Armour         | |  6.6
Dodging        | |  2.7
Conjurations   | |  0.9
Hexes          | |  0.9
Summonings     | |  0.9
Necromancy     | |  5.4
Translocations | |  0.9
Transmutations | |  3.8
Fire Magic     | |  0.9
Ice Magic      | |  0.9
Air Magic      | |  0.9
Earth Magic    | |  0.9
Poison Magic   | |  0.9

Action                     |  1- 3 |  4- 6 || total
---------------------------+-------+-------++-------
  Melee: Club              |     6 |       ||     6
         Bite              |     2 |     1 ||     3
         Flail             |    14 |    17 ||    31
   Cast: Necrotise         |    55 |     8 ||    63
    Use: Potion            |       |     5 ||     5
 Armour: Ring mail         |    13 |     5 ||    18
  Dodge: Dodged            |    19 |    10 ||    29
